 Dungeon Crawl Stone Soup version 0.24.1-14-gf8d2b509d9 (webtiles) character file.

Game seed: 7900636079151716620, levelgen mode: deterministic

13716 tkbsonic5 the Reanimator (level 11, -8/100 HPs)
             Began as a Deep Dwarf Necromancer on Dec 3, 2022.
             Was an Elder of Makhleb.
             Mangled by an iron troll (19 damage)
             ... on level 2 of the Lair of Beasts.
             The game lasted 01:26:13 (13371 turns).

tkbsonic5 the Reanimator (Deep Dwarf Necromancer)  Turns: 13371, Time: 01:26:14

Health: -8/100     AC: 10    Str: 12    XL:     11   Next: 79%
Magic:  10/19      EV: 21    Int: 19    God:    Makhleb [****..]
Gold:   144        SH:  0    Dex: 16    Spells: 1/23 levels left

rFire    . . .     SeeInvis +   d - +6 quarterstaff (chaos)
rCold    . . .     Gourm    .   (shield currently unavailable)
rNeg     . . .     Faith    .   G - +0 acid dragon scales
rPois    .         Spirit   .   (no helmet)
rElec    .         Reflect  .   n - +1 cloak
rCorr    +         Harm     .   F - +0 pair of fencer's gloves {Riposte Dex+3}
MR       ++...                  (no boots)
Stlth    ++........             D - amulet of the acrobat
HPRegen  0.00/turn              V - +6 ring of evasion
MPRegen  0.16/turn              q - ring of protection from magic

@: non-regenerating
A: damage resistance, heal wounds, see invisible, blink, sense surroundings 2,
no regeneration
a: Heal Wounds, Blink, Minor Destruction, Lesser Servant of Makhleb, Major
Destruction, Renounce Religion


You were on level 2 of the Lair of Beasts.
You worshipped Makhleb.
Makhleb was greatly pleased with you.
You were full.

You visited 3 branches of the dungeon, and saw 15 of its levels.
You also visited: Ossuary.

You collected 864 gold pieces.
You spent 720 gold pieces at shops.

Inventory:

Hand Weapons
 d - a +6 quarterstaff of chaos (weapon)
 r - a +0 flail
 u - a +1 dire flail of draining
Missiles
 t - 8 poisoned darts (quivered)
 O - 7 curare-tipped darts
Armour
 j - a +0 ring mail
 n - a +1 cloak (worn)
 F - the +0 pair of fencer's gloves (worn) {Riposte Dex+3}
   (You found it on level 6 of the Dungeon)

   It affects your dexterity (+3).
 G - +0 acid dragon scales (worn)
Jewellery
 e - a +4 amulet of reflection
 k - a +3 ring of intelligence
 q - a ring of protection from magic (right hand)
 A - a +5 amulet of reflection
 B - an uncursed ring of protection from cold
 D - an amulet of the acrobat (around neck)
 N - an uncursed ring of ice
 Q - a +3 ring of intelligence
 S - an uncursed ring of stealth
 V - a +6 ring of evasion (left hand)
 Y - an uncursed amulet of harm {unknown}
Wands
 o - a wand of digging (3)
 J - a wand of flame (21)
 K - a wand of paralysis (4)
 P - a wand of enslavement (8)
 R - a wand of random effects (1)
 X - a wand of polymorph (4)
Scrolls
 a - a scroll of identify
 b - 9 scrolls of remove curse
 f - a scroll of amnesia
Potions
 v - a potion of brilliance
 C - 2 potions of flight
Comestibles
 c - 19 rations


   Skills:
 * Level 7.1 Fighting
 - Level 1.2(4.3) Maces & Flails
 * Level 6.0(6.1) Staves
 + Level 1.5 Throwing
 + Level 5.1 Armour
 + Level 5.8 Dodging
 - Level 2.4 Stealth
 - Level 0.4 Unarmed Combat
 * Level 6.6 Spellcasting
 * Level 4.3 Hexes
 * Level 9.4 Necromancy
 * Level 4.7 Transmutations
 + Level 5.0 Invocations
 + Level 4.9 Evocations


You had one spell level left.
You knew the following spells:

 Your Spells              Type           Power        Failure   Level  Hunger
a - Pain                  Necr           ####         1%          1    None
b - Animate Skeleton      Necr           N/A          1%          1    None
c - Vampiric Draining     Necr           #####.....   1%          3    ##.....
d - Animate Dead          Necr           N/A          3%          4    ####...
e - Confusing Touch       Hex            ###...       2%          1    None
f - Hydra Form            Tmut           ###.......   97%         6    #######
g - Confuse               Hex            ###.....     8%          3    ##.....
h - Mephitic Cloud        Conj/Pois/Air  #.......     43%         3    ##.....

Your spell library contained the following spells:

 Spells                   Type           Power        Failure   Level  Hunger
 Poisonous Vapours        Pois/Air       #.....       24%         2    None
 Conjure Flame            Conj/Fire      #.......     43%         3    ##.....
 Gell's Gravitas          Tloc           #.........   43%         3    ##.....
 Petrify                  Tmut/Erth      ###.....     50%         4    ####...
 Yara's Violent Unravell  Hex/Tmut       ###.......   54%         5    #####..
 Irradiate                Conj/Tmut      ###.......   85%         5    #####..
 Metabolic Englaciation   Hex/Ice        ##........   86%         5    #####..
 Freezing Cloud           Conj/Ice/Air   #.........   100%        6    #######
 Statue Form              Tmut/Erth      ###......    100%        6    #######
 Dragon Form              Tmut           ###.......   100%        7    #######
 Ring of Flames           Chrm/Fire      #.........   100%        7    #######
 Regeneration             Chrm/Necr      Unusable     N/A         3    N/A

Dungeon Overview and Level Annotations

Branches:
Dungeon (11/15)            Temple (1/1) D:6            Lair (3/6) D:11
 Shoals (0/4) Lair:3          Orc (0/2) D:10        Ossuary (visited)
  Snake: Lair:2-4    Spider: Lair:2-4

Altars:
Ashenzari
Cheibriados
Dithmenos
Elyvilon
Fedhas
Gozag
Hepliaklqana
Kikubaaqudgha
Makhleb
Nemelex Xobeh
Okawaru
Qazlal
Ru
Sif Muna
Trog
Uskayaw
Vehumet
Wu Jian
Xom
Yredelemnul
Zin
The Shining One

Shops:
D:11 }:*[*

Annotations:
D:4 2 runed translucent doors, sahdkjhfkaj's ghost, novice DEWz


Innate Abilities, Weirdness & Mutations

You are resistant to damage.
You can heal yourself by infusing magical energy.
You passively map the area around you.
You do not regenerate.
You have supernaturally acute eyesight. (SInv)
You can translocate small distances at will.


Message History

You climb upwards.
There is a stone staircase leading down here.
You hit the iron troll but do no damage.
The iron troll seems to slow down.
The iron troll bites you but does no damage.
The iron troll claws you. The iron troll barely misses you.
You feel much better.
You hit the iron troll.
The iron troll is lightly wounded.
The iron troll misses you. The iron troll claws you! The iron troll claws you.
A demon appears!
You hit the iron troll but do no damage.
The iron troll seems to speed up.
The iron troll is lightly wounded.
The iron troll bites you!!
* * * LOW HITPOINT WARNING * * *
The iron troll claws you!
* * * LOW HITPOINT WARNING * * *
The iron troll claws you!!
You die...

....#P............##* *
..>....)..#.....#..#....
,
###......[..P...........
,
..#..<................#.
,,
......#...#.#.......P..,
, ,
..#.###.......#......#*
* , ..###
#.)......4....P# * ,, **
.## *................# ,
.## #.....#P...T@...##
.P#PP.....##...#...## *
* , ....,....##.......P#
** *,,, ..#*** ,
##...##....., ,, ,, ..
*#...T##....... , ##
####.#.........# *
###.^......#.....# ,,
#.........###..#..* * ,
#######..T...#### , ,


You could see an iron troll and a friendly hellwing.

Vanquished Creatures
  Harold (D:9)
  A centaur warrior (D:11)
  An unseen horror (D:11)
  An orc knight (D:11)
  A black mamba (Lair:1)
  A gargoyle (D:10)
  A black mamba (shapeshifter) (D:11)
  2 spiny frogs
  A troll (D:10)
  A hippogriff (D:9)
  A hornet (D:10)
  A meliai zombie (D:10)
  A shadow (D:11)
  A wraith (D:11)
  4 yaks
  A hungry ghost (D:7)
  A human (D:9)
  2 hogs (D:9)
  A steam dragon (D:6)
  3 wargs (D:11)
  Edmund (D:6)
  2 acid dragons
  3 water moccasins
  2 porcupines (Lair:1)
  2 orc warriors
  2 black bears
  A sky beast (D:8)
  2 ice beasts
  7 ogres
  4 centaurs
  A crocodile (D:8)
  9 bullfrogs
  A gnoll sergeant (D:8)
  5 scorpions
  3 electric eels
  4 howler monkeys
  A crimson imp (D:6)
  A bullfrog zombie (D:9)
  3 human zombies (Ossuary)
  4 jellies
  10 orc wizards
  3 orc priests
  Crazy Yiuf (D:4)
  2 centaur skeletons
  5 hounds
  3 bullfrog skeletons
  Jessica (D:2)
  3 iguanas
  10 worker ants
  2 hound skeletons
  5 mummies
  A howler monkey zombie (D:7)
  A worker ant zombie (D:8)
  A howler monkey skeleton (D:5)
  12 adders
  4 gnolls (D:8)
  2 shadow imps (D:5)
  3 adder zombies
  3 adder skeletons
  A worm (D:3)
  2 dart slugs (D:2)
  5 leopard geckos
  41 orcs
  4 giant cockroaches
  2 gnoll zombies (Ossuary)
  9 goblins
  11 hobgoblins
  11 jackals
  8 kobolds
  A quokka (D:6)
  2 ball pythons
  7 bats
  4 frilled lizards (D:3)
  2 goblin zombies (Ossuary)
  A leopard gecko zombie (D:7)
  A quokka skeleton (D:4)
  A quokka zombie (D:9)
  10 rats
  3 rat zombies (Ossuary)
283 creatures vanquished.

Vanquished Creatures (collateral kills)
  An ogre mage (D:10)
  A lindwurm (D:11)
  3 yaks
  A hungry ghost (D:11)
  A hog (D:11)
  2 vampire mosquitoes (D:11)
  2 water moccasins (Lair:1)
  A phantom (D:4)
  8 centaurs (D:11)
  2 big kobolds (D:11)
  A bullfrog (D:11)
  2 orc priests (D:11)
  2 orc wizards (D:11)
  3 adders
  A worm (D:2)
  4 orcs
  6 kobolds (D:11)
41 creatures vanquished.

Vanquished Creatures (others)
  5 yaks
  A quokka zombie (D:5)
  A plant (D:9)
7 creatures vanquished.

Grand Total: 331 creatures vanquished

Notes
Turn   | Place    | Note
-------+----------+-------------------------------------------
     0 | D:1      | tkbsonic5 the Deep Dwarf Necromancer began the quest for
                  | the Orb.
     0 | D:1      | Reached XP level 1. HP: 15/15 MP: 3/3
   142 | D:1      | Reached skill level 1 in Fighting
   142 | D:1      | Reached XP level 2. HP: 25/25 MP: 0/4
   145 | D:1      | Learned a level 1 spell: Animate Skeleton
   954 | D:2      | Reached XP level 3. HP: 22/31 MP: 0/6
   984 | D:2      | Learned a level 3 spell: Vampiric Draining
  1118 | D:2      | Noticed Jessica
  1122 | D:2      | Killed Jessica
  1122 | D:2      | Reached XP level 4. HP: 31/39 MP: 4/7
  1704 | D:2      | Reached skill level 5 in Necromancy
  2283 | D:3      | Reached XP level 5. HP: 45/46 MP: 0/8
  2354 | D:3      | Learned a level 4 spell: Animate Dead
  3589 | D:4      | Reached skill level 1 in Maces & Flails
  3670 | D:4      | Reached skill level 1 in Evocations
  3853 | D:4      | Noticed a phantom
  3883 | D:4      | Found a runed translucent door.
  3884 | D:4      | Noticed Crazy Yiuf
  3888 | D:4      | Killed Crazy Yiuf
  3888 | D:4      | Reached XP level 6. HP: 25/56 MP: 0/10
  4166 | D:4      | Found a runed translucent door.
  4171 | D:4      | Noticed sahdkjhfkaj's ghost (novice DEWz)
  4270 | D:4      | Found a runed translucent door.
  4398 | D:4      | Reached skill level 1 in Staves
  4750 | D:5      | Entered Level 5 of the Dungeon
  4764 | D:5      | Reached skill level 1 in Armour
  4764 | D:5      | Reached XP level 7. HP: 62/62 MP: 8/12
  4998 | D:5      | Reached skill level 6 in Necromancy
  5551 | D:5      | Found a shimmering altar of Xom.
  5693 | D:6      | Found the +0 pair of fencer's gloves {Riposte Dex+3}
  5831 | D:6      | Found a staircase to the Ecumenical Temple.
  5841 | Temple   | Entered the Ecumenical Temple
  5919 | Temple   | Became a worshipper of Makhleb the Destroyer
  5972 | D:6      | Reached XP level 8. HP: 70/72 MP: 2/13
  6508 | D:6      | Noticed Edmund
  6530 | D:6      | Killed Edmund
  6613 | D:6      | Found an ancient bone altar of Kikubaaqudgha.
  7039 | D:7      | Reached skill level 7 in Necromancy
  7335 | D:7      | Found a bloodstained altar of Trog.
  7341 | D:7      | Reached skill level 5 in Fighting
  7686 | D:8      | Learned a level 1 spell: Confusing Touch
  7946 | D:8      | Learned a level 6 spell: Hydra Form
  7974 | D:8      | Gained mutation: You passively map the area around you.
                  | [Deep Dwarf growth]
  7974 | D:8      | Reached XP level 9. HP: 54/81 MP: 16/16
  8111 | D:8      | Found a sand-covered staircase.
  8119 | Ossuary  | Entered an ossuary
  8132 | Ossuary  | Reached * piety under Makhleb
  8152 | Ossuary  | Reached skill level 1 in Invocations
  8579 | D:8      | Reached skill level 1 in Hexes
  8579 | D:8      | Reached skill level 1 in Transmutations
  8786 | D:8      | Reached ** piety under Makhleb
  8928 | D:8      | Reached skill level 5 in Spellcasting
  9944 | D:9      | Noticed Harold
  9983 | D:9      | Gained mutation: You can translocate small distances at
                  | will. [potion of mutation]
  9983 | D:9      | Gained mutation: You have supernaturally acute eyesight.
                  | (SInv) [potion of mutation]
  9987 | D:9      | Reached skill level 8 in Necromancy
  9987 | D:9      | Reached XP level 10. HP: 31/91 MP: 10/18
 10030 | D:9      | Killed Harold
 10030 | D:9      | Reached skill level 5 in Dodging
 10318 | D:10     | Entered Level 10 of the Dungeon
 10358 | D:10     | Noticed a gargoyle
 10372 | D:10     | Killed a gargoyle
 10372 | D:10     | Reached skill level 5 in Staves
 10395 | D:10     | Found a staircase to the Orcish Mines.
 10554 | D:10     | Reached *** piety under Makhleb
 10838 | D:10     | Paralysed by a hornet for 1 turns
 11134 | D:10     | Learned a level 3 spell: Confuse
 11225 | D:10     | Noticed an ogre mage
 11250 | D:10     | Killed an ogre mage
 11378 | D:11     | Noticed an unseen horror
 11393 | D:11     | Noticed a centaur warrior
 11399 | D:11     | Found a staircase to the Lair.
 11400 | D:11     | Noticed Fannar
 11408 | D:11     | Noticed Fannar
 11408 | D:11     | Fannar changed into Fannar the lindwurm
 11438 | D:11     | Reached XP level 11. HP: 65/99 MP: 2/19
 11442 | D:11     | Killed Fannar the lindwurm
 11620 | D:11     | Killed an unseen horror
 11620 | D:11     | Reached skill level 9 in Necromancy
 11635 | D:11     | Killed a centaur warrior
 11751 | D:11     | Found Hagin's Book Shop.
 11755 | D:11     | Noticed an orc knight
 11771 | D:11     | Killed an orc knight
 11771 | D:11     | Reached skill level 1 in Throwing
 11779 | D:11     | Bought a book of Clouds for 630 gold pieces
 11783 | D:11     | Learned a level 3 spell: Mephitic Cloud
 11883 | D:11     | Found Lomoli Qast's Assorted Antiques.
 11884 | D:11     | Found Rav Joas's Armour Emporium.
 11885 | D:11     | Found Reraxkut's General Store.
 11908 | D:11     | Bought a scroll of blinking for 90 gold pieces
 12135 | D:11     | Found Obravvus's Gadget Shoppe.
 12225 | Lair:1   | Entered Level 1 of the Lair of Beasts
 12340 | Lair:1   | Reached **** piety under Makhleb
 12418 | Lair:1   | Reached skill level 5 in Armour
 13198 | Lair:2   | Reached skill level 5 in Invocations
 13274 | Lair:2   | Noticed an eight-headed hydra
 13282 | Lair:2   | Noticed an iron troll
 13282 | Lair:2   | an eight-headed hydra changed into an iron troll
 13353 | Lair:3   | Found a staircase to the Shoals.
 13353 | Lair:3   | Noticed a four-headed hydra
 13371 | Lair:2   | Mangled by an iron troll

Levels and vault maps discovered:
D:1:      dpeg_arrival_leaves_temple_mockup, layout_loops_ring
D:2:      layout_loops_cross, first_ration, roderic_roman_lattice,
          minmay_pentomino_x4, uniq_jessica
D:3:      layout_basic
D:4:      layout_basic, ebering_ghost_sewer_f, uniq_crazy_yiuf_cottage
D:5:      layout_loops_cross, xom_confusion_cloud
D:6:      minmay_chambers_of_fours, layout_basic,
          nicolae_overflow_crystal_walls, minmay_temple_entry_junction,
          chequers_jeans, uniq_edmund
D:7:      layout_basic, bloody_trog
D:8:      layout_loops_corners, gup_ossuary_entry_pyramid
D:9:      layout_irregular_city, grunt_livestock, serial_bayou_lake_a,
          uniq_harold
D:10:     layout_roguey, orc_0_dummy, wad_mini_maze
D:11:     minmay_wavy_crystal, layout_basic, erik_lair_orcish_takeover,
          serial_shops, kennysheep_little_box, shop, shop, shop, shop,
          uniq_fannar
Temple:   dpeg_three_leaves_temple
Lair:1:   layout_chaotic_city
Lair:2:   layout_misc_corridors, hangedman_lair_unloving_vines,
          columned_hall_lemuel, uniq_nergalle
Lair:3:   layout_regular_city, shoals_dummy_entry, minivault_23,
          grunt_megastairs_5

Skill      XL: |  1  2  3  4  5  6  7  8  9 10 11 |
---------------+----------------------------------+-----
Fighting       | 1 2 3 4 5 6 7 |  7.1
Spellcasting   | 2 3 4 5 6 |  6.6
Necromancy     | 5 6 7 8 9 |  9.4
Maces & Flails | 1 |  1.2
Evocations     | 1 3 4 |  4.9
Staves         | 1 2 3 4 5 6 |  6.0
Armour         | 1 2 3 4 5 |  5.1
Dodging        | 3 4 5 |  5.8
Invocations    | 2 4 5 |  5.0
Hexes          | 2 3 4 |  4.3
Transmutations | 2 3 4 |  4.7
Throwing       | 1 |  1.5
Stealth        | |  2.4
Unarmed Combat | |  0.4

Action                   |  1- 3 |  4- 6 |  7- 9 | 10-12 || total
-------------------------+-------+-------+-------+-------++-------
Melee: Unarmed           |    11 |       |       |       ||    11
       Whip              |     2 |     5 |       |       ||     7
       Flail             |       |    29 |       |       ||    29
       Quarterstaff      |       |    28 |   214 |   226 ||   468
Throw: Dart              |       |    18 |    78 |    35 ||   131
       Boomerang         |       |       |       |     6 ||     6
       Throwing net      |       |       |       |     8 ||     8
 Cast: Pain              |    47 |    79 |    84 |    60 ||   270
       Animate Skeleton  |     8 |     8 |       |       ||    16
       Vampiric Draining |     1 |    23 |    77 |    47 ||   148
       Animate Dead      |       |     7 |    14 |    16 ||    37
       Confusing Touch   |       |       |     6 |    16 ||    22
       Confuse           |       |       |       |     7 ||     7
Invok: Lesser Servant of |       |       |       |    10 ||    10
       Major Destruction |       |       |       |     2 ||     2
 Abil: Heal Wounds       |       |       |       |     7 ||     7
       Blink             |       |       |       |     2 ||     2
Evoke: Wand              |       |       |     2 |    33 ||    35
  Use: Scroll            |       |    13 |    19 |    10 ||    42
       Potion            |       |     4 |    17 |     8 ||    29
 Stab: Confused          |       |       |     3 |     5 ||     8
       Distracted        |       |       |     1 |       ||     1
       Sleeping          |       |       |     2 |     1 ||     3
       Paralysed         |       |       |     4 |     6 ||    10
       Invisible         |       |       |     1 |     1 ||     2
  Eat: Chunk             |     2 |     5 |       |       ||     7
       Ration            |       |     4 |     7 |     8 ||    19
Armor: Robe              |     4 |     6 |       |       ||    10
       Ring mail         |       |    12 |    77 |    23 ||   112
       Skin              |       |       |     8 |       ||     8
       Acid dragon scale |       |       |       |    71 ||    71
Dodge: Dodged            |    19 |    48 |   142 |   293 ||   502
Block: Other             |       |    19 |    13 |       ||    32
       Reflection        |       |     1 |       |       ||     1
       Rpst.: Quarterstaff |       |       |    31 |    73 ||   104
